 Dungeon Crawl Stone Soup version 0.23-a0-807-gd38242e (webtiles) character file.

66 DrEnzyme the Skirmisher (level 3, -2/30 HPs)
             Began as a Mummy Wanderer on Jan 20, 2019.
             Slain by a quokka (3 damage)
             ... on level 2 of the Dungeon.
             The game lasted 00:07:11 (2263 turns).

DrEnzyme the Skirmisher (Mummy Wanderer)            Turns: 2263, Time: 00:07:12

Health: -2/30      AC:  2    Str: 18    XL:     3   Next: 96%
Magic:  3/3        EV: 11    Int: 10    God:
Gold:   20         SH:  0    Dex: 10    Spells: 2/2 levels left

rFire    x . .     SeeInvis .   a - +3 whip (venom)
rCold    + . .     Gourm    .   (no shield)
rNeg     + + +     Faith    .   e - +0 robe
rPois    ∞         Spirit   .   (no helmet)
rElec    .         Reflect  .   (no cloak)
rCorr    +         Harm     .   (no gloves)
MR       .....                  (no boots)
Stlth    ++........             (no amulet)
HPRegen  0.10/turn              g - ring of resist corrosion
MPRegen  0.08/turn              (no ring)

@: no status effects
A: no food or potions, fire vulnerability, cold resistance 1, negative energy
resistance 3, torment resistance, unbreathing
a: no special abilities


You were on level 2 of the Dungeon.
You were not hungry.

You visited 1 branch of the dungeon, and saw 2 of its levels.

You collected 20 gold pieces.

Inventory:

Hand Weapons
 a - a +3 whip of venom (weapon)
 b - a +2 blowgun
 c - a +0 falchion
 r - a +0 dagger
Missiles
 f - 3 curare-tipped needles
 h - 3 tomahawks (quivered)
 m - 13 poisoned needles
 n - 3 needles of confusion
Armour
 e - a +0 robe (worn)
Jewellery
 g - a ring of resist corrosion (left hand)
 i - an uncursed ring of protection from cold
 p - an uncursed ring of positive energy
 q - an uncursed ring of protection from cold
Scrolls
 d - a scroll of immolation {unknown}
 j - a scroll of identify
 k - a scroll of random uselessness {unknown}
 o - a scroll of enchant weapon


   Skills:
 + Level 4.2 Fighting
 + Level 1.2(1.6) Short Blades
 - Level 1.5(1.8) Long Blades
 + Level 2.0 Throwing
 - Level 1.0 Dodging
 - Level 1.6 Stealth


You had 2 spell levels left.
You didn't know any spells.
Your spell library was empty.

Dungeon Overview and Level Annotations

Branches:
Dungeon (2/15)

Altars:
Trog

Annotations:
D:2 7 exclusions, Sigmund


Innate Abilities, Weirdness & Mutations

You do not eat or drink.
Your flesh is vulnerable to fire.
You are immune to poison.
Your flesh is cold resistant. (rC+)
You are immune to negative energy. (rN+++)
You are immune to unholy pain and torment.
You can survive without breathing.


Message History

Found 10 gold pieces.
Found a dented blue amulet.
A frilled lizard comes into view.
A quokka comes into view.
You hit the ooze.
The ooze is poisoned.
The ooze is lightly wounded.
The ooze hits you.
* * * LOW HITPOINT WARNING * * *
A hobgoblin comes into view.
The ooze hits you.
* * * LOW HITPOINT WARNING * * *
The hobgoblin shouts!
As you read the scroll labeled QAMINA NEQO, it crumbles to dust.
It is a scroll of enchant weapon.
Your +2 whip of venom glows red for a moment.
As you read the scroll labeled TYGUCH QEBASM, it crumbles to dust.
It is a scroll of identify.
p - an uncursed ring of positive energy The ooze barely misses you.
The hobgoblin barely misses you. The quokka bites you.
You die...

### #.# ###### ..l #.####### .#
#.# #........ #.##.### #
######### #.....##. #.$....
##### ##...# #..<.
##....############ #........
##.........J@.....# #w#..(..#
#.#..........r.g...............
#"......#######.....##.#g....#
####.#### .###..[.......# #.# #
.?......## #.# #.####. #.# #.#
#.#


You could see an ooze, a quokka and a hobgoblin.

Vanquished Creatures
  A worm (D:2)
  2 dart slugs
  A leopard gecko (D:1)
  3 giant cockroaches (D:2)
  9 goblins
  5 hobgoblins
  8 jackals (D:1)
  4 bats (D:2)
  4 frilled lizards
  10 kobolds
  8 rats
55 creatures vanquished.

Notes
Turn   | Place    | Note
-------+----------+-------------------------------------------
     0 | D:1      | DrEnzyme the Mummy Wanderer began the quest for the Orb.
     0 | D:1      | DrEnzyme set off with the following items: 3 curare-tipped
                  | needles, a +2 blowgun, a +0 falchion, a scroll of
                  | teleportation, a +0 robe, a +0 dagger
     0 | D:1      | Reached XP level 1. HP: 18/18 MP: 1/1
   246 | D:1      | Reached XP level 2. HP: 24/24 MP: 2/2
   754 | D:1      | Reached XP level 3. HP: 18/30 MP: 3/3
   780 | D:1      | Reached skill level 4 in Fighting
  1698 | D:2      | Reached skill level 1 in Short Blades
  1764 | D:2      | Noticed Sigmund
  2134 | D:2      | Found a bloodstained altar of Trog.
  2258 | D:2      | HP: 1/30 [ooze (3)]
  2263 | D:2      | Slain by a quokka

Vault maps used:
D:1:      elethiomel_arrival_maze
D:2:      bloody_trog, first_ration, uniq_sigmund

Skill      XL: |  1  2  3 |
---------------+----------+-----
Fighting       | 4 |  4.2
Short Blades   | 1 |  1.2
Throwing       | 2 |  2.0
Long Blades    | |  1.5
Dodging        | |  1.0
Stealth        | |  1.6

Action                   || total
-------------------------++-------
Melee: Dagger            ||   175
       Whip              ||    11
 Fire: Blowgun           ||    33
Throw: Tomahawk          ||    19
  Use: Scroll            ||     5
 Stab: Sleeping          ||     2
Armor: Robe              ||    37
Dodge: Dodged            ||   128

Table legend:
 A = Non-vault XP
 B = Vault XP
 C = Vault XP percentage of total XP
 D = Non-vault monster count
 E = Vault monster count
 F = Vault count percentage of total count
                 A         B        C        D         E       F
            +---------+---------+-------+---------+---------+-------
      Total |      95 |       0 |   0.0 |      55 |       0 |   0.0
            +---------+---------+-------+---------+---------+-------
        D:1 |      61 |       0 |   0.0 |      36 |       0 |   0.0
        D:2 |      34 |       0 |   0.0 |      19 |       0 |   0.0
            +---------+---------+-------+---------+---------+-------
